 Dungeon Crawl Stone Soup version 0.29.1-15-g9cfb28693d (webtiles) character file.

Game seed: 10220307697956582968

18 Eryximachus the Insei (level 2, -4/18 HPs)
             Began as an Octopode Transmuter on Apr 6, 2023.
             Slain by Terence
             ... wielding a +0 falchion
              (10 damage)
             ... on level 2 of the Dungeon.
             The game lasted 00:07:26 (1173 turns).

Eryximachus the Insei (Octopode Transmuter)         Turns: 1173, Time: 00:07:26

Health: -4/18      AC:  1    Str:  9    XL:     2   Next: 70%
Magic:  5/5        EV: 13    Int: 15    God:
Gold:   50         SH:  0    Dex: 12    Spells: 2/5 levels left

rFire   . . .      SeeInvis .     - Unarmed
rCold   . . .      Faith    .   (no shield)
rNeg    . . .      Spirit   .   (helmet restricted)
rPois   .          Reflect  .   f - amulet of regeneration
rElec   .          Harm     .   (no ring)
rCorr   .          Rampage  .   (no ring)
Will    .....                   (no ring)
Stlth   ++........              (no ring)
HPRegen 0.86/turn               (no ring)
MPRegen 0.09/turn               (no ring)
                                (no ring)
                                (no ring)

@: no status effects
A: almost no armour, amphibious, 8 rings, camouflage 1, gelatinous body 1,
(nimble swimmer 1), tentacles
a: no special abilities


You were on level 2 of the Dungeon.
You visited 1 branch of the dungeon, and saw 2 of its levels.

You collected 50 gold pieces.


Innate Abilities, Weirdness & Mutations

You cannot wear most types of armour.
You are amphibious.
You can wear up to eight rings at the same time.
Your skin changes colour to match your surroundings (Stealth+).
Your rubbery body absorbs attacks. (AC +1, EV +1)
((You are camouflaged when in or above water. (Stealth+)))
You have tentacles for arms and can constrict up to eight enemies at once.


   Skills:
 + Level 1.4 Fighting
 - Level 2.0 Dodging
 - Level 3.0 Unarmed Combat
 + Level 2.2 Spellcasting
 * Level 2.6 Transmutations


You had 2 spell levels left.
You knew the following spells:

 Your Spells              Type           Power      Damage    Failure   Level
b - Beastly Appendage     Tmut           18%        N/A       8%          1
w - Wereblood             Tmut           9%         N/A       11%         2

Your spell library contained the following spells:

 Spells                   Type           Power      Damage    Failure   Level
 Spider Form              Tmut/Pois      5%         N/A       36%         3
 Ice Form                 Ice/Tmut       5%         N/A       77%         4

Inventory:

Missiles
 b - a poisoned dart (quivered)
Jewellery
 f - an amulet of regeneration (around mantle)
Scrolls
 c - a scroll of identify {@r1}
 g - a scroll of summoning {unknown}
 i - a scroll of amnesia {unknown}
Potions
 a - a potion of lignification
 d - 2 potions of brilliance
 e - a potion of ambrosia {unknown}
 h - 2 potions of attraction {unknown}

Dungeon Overview and Level Annotations

Branches:
Dungeon (2/15)

Altars:

Annotations:
D:2 exclusion: adder, Terence

#.###....##.# #.####.####
#...........# #[##......#
#.......##### #.##.#.##..
#######†## ####).....#### #
#...# #..)....### #.# #...#
#.####..# ..# #...# #.#.....#
#...########.#.##.##
#.<.##.@@..........#
#########..>##.####........#
..#...........r...#..#.#.#.#.
#.................#.#........
#..............(...###...#.#
###.#####...##.#.##w#......#
#...# #...##.............#
#.### #...####.##.......##
...# #...# #........#.#


You could see Terence.


Message History

There is an escape hatch in the floor here.
Terence the Incautious comes into view.
He is wielding a +0 falchion.
Terence attacks as you move away! Terence barely misses you.
Terence says, "You're history."
Terence bares his teeth.
Terence attacks as you move away! Terence hits you with a +0 falchion!
Terence attacks as you move away! Terence hits you with a +0 falchion!
* * * LOW HITPOINT WARNING * * *
Terence attacks as you move away! Terence barely misses you.
You see here 4 boomerangs.
You see here 5 stones.
Terence attacks as you move away! Terence completely misses you.
Terence attacks as you move away! Terence hits you with a +0 falchion.
There is an escape hatch in the ceiling here.
Terence attacks as you move away! Terence barely misses you.
A rat comes into view.
Terence asks, "Do you want it fast or slow?"
Terence attacks as you move away! Terence hits you with a +0 falchion!
Terence attacks as you move away! Terence hits you with a +0 falchion!
Ouch! That really hurt!
* * * LOW HITPOINT WARNING * * *
The rat attacks as you move away! The rat bites you.
* * * LOW HITPOINT WARNING * * *
Terence attacks as you move away! Terence barely misses you.
The rat twitches its whiskers.
The rat attacks as you move away! The rat closely misses you.
Terence attacks as you move away! Terence misses you.
Terence attacks as you move away! Terence hits you with a +0 falchion!
Ouch! That really hurt!
You die...

Action                   || total
-------------------------++-------
Melee: Unarmed           ||    33
       Constrict         ||    13
       Tentacles         ||     7
       Kick              ||     6
Throw: Dart              ||     2
 Cast: Beastly Appendage ||     9
  Use: Scroll            ||     1
 Stab: Sleeping          ||     4
Armor: Skin              ||     2
Dodge: Dodged            ||    24

Levels and vault maps discovered:
D:1:      roderic_crop_circles_arrival_large, layout_basic, amethyst_killhole
D:2:      layout_loops_cross, basic_ecumenical_altar, minmay_misc_feat_plants,
          uniq_terence

Notes
Turn   | Place    | Note
-------+----------+-------------------------------------------
     0 | D:1      | Eryximachus the Octopode Transmuter began the quest for the
                  | Orb.
     0 | D:1      | Reached XP level 1. HP: 13/13 MP: 3/3
   775 | D:2      | Reached XP level 2. HP: 18/18 MP: 3/5
   840 | D:2      | Learned a level 2 spell: Wereblood
   935 | D:2      | Identified the +0 leather armour "Zouch" {Harm rCorr}
  1100 | D:2      | Found a faded altar of an unknown god.
  1132 | D:2      | Noticed Terence
  1168 | D:2      | HP: 1/18 [rat (1)]
  1173 | D:2      | Slain by Terence

Vanquished Creatures
  2 ball pythons
  2 endoplasms
  A giant cockroach (D:2)
  2 goblins
  2 hobgoblins (D:2)
  2 bats (D:2)
  A frilled lizard (D:1)
  2 kobolds (D:2)
  3 rats (D:2)
17 creatures vanquished.

Vanquished Creatures (others)
  4 plants (D:1)
4 creatures vanquished.

Grand Total: 21 creatures vanquished

Table legend: (Time is in decaauts)
 A = Elapsed time spent in this place.
 B = Non-inter-level travel time spent in this place.
 C = Inter-level travel time spent in this place.
 D = Time resting spent in this place.
 E = Time spent auto-exploring this place.
 F = Levels seen in this place.
 G = Mean time per level.
                   A        B        C        D        E       F      G
               +--------+--------+--------+--------+--------+-----+--------+
         Total |   1170 |   1170 |      0 |    320 |    231 |   2 |  585.0 |
       Dungeon |   1170 |   1170 |      0 |    320 |    231 |   2 |  585.0 |
               +--------+--------+--------+--------+--------+-----+--------+

Top non-repeatable levels by time:
     D:1: 678 daAuts
     D:2: 492 daAuts

Table legend:
 A = Non-vault XP
 B = Vault XP
 C = Vault XP percentage of total XP
 D = Non-vault monster count
 E = Vault monster count
 F = Vault count percentage of total count
                 A         B        C        D         E       F
            +---------+---------+-------+---------+---------+-------
      Total |      27 |       0 |   0.0 |      17 |       0 |   0.0
            +---------+---------+-------+---------+---------+-------
        D:1 |       7 |       0 |   0.0 |       4 |       0 |   0.0
        D:2 |      20 |       0 |   0.0 |      13 |       0 |   0.0
            +---------+---------+-------+---------+---------+-------
